 Dungeon Sprint DCSS version 0.30-a0-1018-g25214051b3 (webtiles) character file.

Game seed: 16018046347270238424

64 fozzywoppz the Trooper (level 3, -7/48 HPs)
             Began as a Demonspawn Monk on Apr 7, 2023.
             Was a Believer of Jiyva.
             Mangled by an iguana (11 damage)
             ... in the Dungeon (Sprint VII: "The Pits").
             The game lasted 00:01:52 (239 turns).

fozzywoppz the Trooper (Demonspawn Monk)             Turns: 239, Time: 00:01:53

Health: -7/48      AC: 12    Str: 13    XL:     3   Next: 91%
Magic:  3/3        EV:  8    Int: 11    God:    Jiyva [**....]
Gold:   0          SH:  0    Dex: 17    Spells: 2/2 levels left

rFire   . . .      SeeInvis .      - Unarmed
rCold   . . .      Faith    .    (no shield)
rNeg    . . .      Spirit   .    l - +3 chain mail
rPois   .          Reflect  .    (no helmet)
rElec   .          Rampage  .    (no cloak)
rCorr   +          NoTele   +    (no gloves)
Will    .....                    (no boots) Stlth
                                 (no amulet)
HPRegen 1.24/turn                (no ring)
MPRegen 0.38/turn                (no ring)

@: berserking, very quick
A: thin skeletal structure 1, ignite blood 1
a: Renounce Religion


You were in the Dungeon.
You worshipped Jiyva.
Jiyva was pleased with you.
You visited 1 branch

Inventory:

Armour
 l - a +3 chain mail (worn)
Scrolls
 h - a scroll of blinking
 j - 5 scrolls of amnesia
 k - a scroll of butterflies
Potions
 b - a potion of ambrosia
 c - 5 potions of curing
 d - 6 potions of heal wounds
 e - a potion of haste
 f - 4 potions of magic
 g - 2 potions of berserk rage
 i - 2 potions of invisibility


   Skills:
 + Level 4.9 Fighting
 + Level 2.8 Armour
 + Level 4.4 Dodging
 - Level 2.0 Stealth
 + Level 4.4 Unarmed Combat


You had 2 spell levels left.
You didn't know any spells.
Your spell library was empty.

Dungeon Overview and Level Annotations

Branches:
Dungeon (1/1)

Altars:
Ashenzari
Cheibriados
Dithmenos
Fedhas
Gozag
Hepliaklqana
Kikubaaqudgha
Makhleb
Nemelex Xobeh
Okawaru
Qazlal
Ru
Sif Muna
Trog
Uskayaw
Vehumet
Wu Jian
Xom
Yredelemnul
Jiyva
Lugonu

Annotations:
D Grinder


Innate Abilities, Weirdness & Mutations

You have a somewhat thin skeletal structure. (Dex +2, Stealth+)
Your demonic aura sometimes causes spilled blood to erupt in flames.


Message History

Unknown command.
You hit Grinder.
Grinder is severely wounded.
The hobgoblin closely misses you. Grinder hits you but does no damage.
The iguana bites you.
You barely miss Grinder.
Grinder is severely wounded.
You hit Grinder but do no damage.
Grinder is severely wounded.
The hobgoblin hits you. Grinder closely misses you.
The iguana bites you but does no damage.
You barely miss Grinder.
Grinder is severely wounded.
The hobgoblin barely misses you. The iguana barely misses you.
Grinder hits you!
You writhe in agony.
You hit Grinder.
Grinder is severely wounded.
The hobgoblin hits you but does no damage.
The iguana bites you but does no damage.
Grinder hits you but does no damage.
Unknown command.
You hit Grinder.
Grinder is almost dead.
The hobgoblin hits you but does no damage.
The iguana bites you but does no damage.
Grinder hits you!
* * * LOW HITPOINT WARNING * * *
Unknown command.
You hit Grinder but do no damage.
Grinder is almost dead.
The iguana bites you.
* * * LOW HITPOINT WARNING * * *
The hobgoblin hits you but does no damage.
Grinder hits you but does no damage.
Unknown command.
A red film seems to cover your vision as you go berserk!
You feel yourself moving faster!
You feel mighty!
The hobgoblin hits you but does no damage.
Grinder barely misses you. The iguana bites you!
You die...

#.#.....#[[##.....
#.#.....#))#####'#
#.###'###))##.....
#.#...).#))##.....
#.#.....#..##.....
#.####)##+###...<.
#.#........##.....
#5#........##.....
#@###########.....
#glS....# ######
#hg###..# #....
##.### .. .## ..
##


You could see Grinder, a black bear, an iguana, a gnoll, a hobgoblin and a ball
python.

Vanquished Creatures
  A scorpion (D)
  An endoplasm (D)
  2 giant cockroaches (D)
  A goblin (D)
  A bat (D)
  A frilled lizard (D)
  A jackal skeleton (D)
  A kobold (D)
9 creatures vanquished.

Vanquished Creatures (others)
  the Royal Jelly (D)
  Dissolution (D)
  A pandemonium lord (D)
  A juggernaut (D)
  A Killer Klown (D)
  2 Tzitzimimeh (D)
  An electric golem (D)
  A Brimstone Fiend (D)
  3 Hell Sentinels (D)
  A deep elf blademaster (D)
  An Orb Guardian (D)
  5 acid blobs (D)
  A quicksilver dragon (D)
  An Executioner (D)
  A shadow dragon (D)
  6 rockslimes (D)
  9 azure jellies (D)
  A balrug (D)
  An angel (D)
  4 quicksilver oozes (D)
  A deep elf annihilator (D)
  A great orb of eyes (D)
  A dancing weapon (D)
  A glowing shapeshifter (D)
  A tormentor (D)
  2 jellies (D)
  2 endoplasms (D)
52 creatures vanquished.

Grand Total: 61 creatures vanquished

Notes
Turn   | Place    | Note
-------+----------+-------------------------------------------
     0 | D        | fozzywoppz the Demonspawn Monk began the quest for the Orb.
     0 | D        | Reached XP level 1. HP: 18/18 MP: 1/1
    41 | D        | Found a basalt altar of Yredelemnul.
    41 | D        | Found a shimmering altar of Xom.
    41 | D        | Found an ornate altar of the Wu Jian Council.
    41 | D        | Found a bloodstained altar of Trog.
    41 | D        | Found a shimmering blue altar of Sif Muna.
    41 | D        | Found a sacrificial altar of Ru.
    41 | D        | Found a stormy altar of Qazlal.
    41 | D        | Found an iron altar of Okawaru.
    41 | D        | Found a sparkling altar of Nemelex Xobeh.
    41 | D        | Found a burning altar of Makhleb.
    41 | D        | Found a viscous altar of Jiyva.
    41 | D        | Found a hazy altar of Hepliaklqana.
    41 | D        | Found an opulent altar of Gozag.
    41 | D        | Found a blossoming altar of Fedhas.
    41 | D        | Found a shadowy altar of Dithmenos.
    41 | D        | Found a snail-covered altar of Cheibriados.
    42 | D        | Found a radiant altar of Vehumet.
    42 | D        | Found a corrupted altar of Lugonu.
    43 | D        | Found an ancient bone altar of Kikubaaqudgha.
    43 | D        | Found a hide-covered altar of Uskayaw.
    43 | D        | Found a broken altar of Ashenzari.
    53 | D        | Became a worshipper of Jiyva Jothenne the Shapeless
    53 | D        | Reached * piety under Jiyva
    53 | D        | Reached ** piety under Jiyva
    55 | D        | Killed a runed trident
    56 | D        | Killed an Orb Guardian
    56 | D        | Killed a shadow dragon
    56 | D        | Killed Huna the pandemonium lord
    57 | D        | Killed a great orb of eyes
    60 | D        | Killed a quicksilver ooze
    61 | D        | Killed a rockslime
    61 | D        | Killed a rockslime
    63 | D        | Killed an acid blob
    64 | D        | Killed a rockslime
    64 | D        | Killed an azure jelly
    65 | D        | Killed an electric golem
    65 | D        | Killed a Tzitzimitl
    66 | D        | Killed a Hell Sentinel
    67 | D        | Killed Dissolution
    71 | D        | Killed a rockslime
    75 | D        | Killed a glowing shapeshifter
    75 | D        | Killed an azure jelly
    76 | D        | Killed a quicksilver ooze
    79 | D        | Killed an azure jelly
    79 | D        | Killed a Hell Sentinel
    88 | D        | Killed an acid blob
   102 | D        | Killed an Executioner
   104 | D        | Killed an acid blob
   105 | D        | Noticed a scorpion
   105 | D        | Killed a deep elf annihilator
   106 | D        | Killed a balrug
   107 | D        | Killed a quicksilver ooze
   110 | D        | Killed an angel
   113 | D        | Killed a quicksilver ooze
   114 | D        | Killed an azure jelly
   115 | D        | Killed a Brimstone Fiend
   115 | D        | Killed the Royal Jelly
   116 | D        | Killed an azure jelly
   116 | D        | Killed a Tzitzimitl
   118 | D        | Killed a quicksilver dragon
   121 | D        | Killed an acid blob
   121 | D        | Killed a Hell Sentinel
   122 | D        | Killed a deep elf blademaster
   124 | D        | Killed a tormentor
   126 | D        | Killed a scorpion
   127 | D        | Gained mutation: You have a somewhat thin skeletal
                  | structure. (Dex +2, Stealth+) [demonic ancestry]
   127 | D        | Reached XP level 2. HP: 12/26 MP: 2/2
   127 | D        | Gained mutation: Your demonic aura sometimes causes spilled
                  | blood to erupt in flames. [demonic ancestry]
   127 | D        | Reached XP level 3. HP: 14/32 MP: 3/3
   127 | D        | Killed a rockslime
   143 | D        | Killed an acid blob
   143 | D        | Killed a rockslime
   157 | D        | Killed a Killer Klown
   166 | D        | Killed an azure jelly
   175 | D        | Killed a juggernaut
   175 | D        | Killed an azure jelly
   198 | D        | Killed an azure jelly
   201 | D        | Killed an azure jelly
   218 | D        | Noticed Grinder
   218 | D        | Noticed a black bear
   238 | D        | HP: 1/32 [iguana (6)]
   239 | D        | Mangled by an iguana

Illustrated notes

Levels and vault maps discovered:
D:        pitsprint [storerooms_1, entrance_room_1, metal_vault_6, armoury_1,
          mini_pit_1, grid_room_1, main_hall_1, silver_pit, the_coven_3,
          the_vestibule_1, steel_vault_4, golden_pit, hallway_of_sentries,
          crystal_vault_6, iron_vault_2, final_vault]

Skill      XL: |  1 |
---------------+----+-----
Stealth        | 2 |  2.0
Dodging        | 4 |  4.4
Unarmed Combat | 4 |  4.4
Fighting       | 4 |  4.9
Armour         | 2 |  2.8

Action                     || total
---------------------------++-------
  Melee: Unarmed           ||    61
    Use: Potion            ||     2
   Stab: Sleeping          ||     2
 Armour: Robe              ||    12
         Chain mail        ||    25
  Dodge: Dodged            ||    62

Table legend: (Time is in decaauts)
 A = Elapsed time spent in this place.
 B = Non-inter-level travel time spent in this place.
 C = Inter-level travel time spent in this place.
 D = Time resting spent in this place.
 E = Time spent auto-exploring this place.
 F = Levels seen in this place.
 G = Mean time per level.
                   A        B        C        D        E       F      G
               +--------+--------+--------+--------+--------+-----+--------+
         Total |    234 |    234 |      0 |      0 |      0 |   1 |  234.0 |
       Dungeon |    234 |    234 |      0 |      0 |      0 |   1 |  234.0 |
               +--------+--------+--------+--------+--------+-----+--------+

Top non-repeatable levels by time:
       D: 234 daAuts
